 Dungeon Crawl Stone Soup version 0.30.1-9-gdf580d7c3d (webtiles) character file.

Game seed: 11217646109145607807

4669 lonewolfV2 the Nimble (level 10, -11/79 HPs)
             Began as a Demonspawn Berserker on Oct 25, 2023.
             Was a Believer of Trog.
             Mangled by a sixfirhy (12 damage)
             ... summoned by a kobold demonologist
             ... on level 9 of the Dungeon.
             The game lasted 00:15:29 (10043 turns).

lonewolfV2 the Nimble (Demonspawn Berserker)       Turns: 10043, Time: 00:15:29

Health: -11/79     AC:  2    Str: 22    XL:     10   Next: 20%
Magic:  10/10      EV: 10    Int:  8    God:    Trog [**....]
Gold:   587        SH:  0    Dex: 13    Spells: 9/9 levels left

rFire   . . .        a - +1 hand axe (drain)
rCold   . . .        (no shield)
rNeg    . . .        d - +0 plate armour
rPois   .            u - +0 helmet
rElec   .            (no cloak)
rCorr   .            (gloves unavailable)
SInv    .            y - +0 pair of boots
Will    .....        e - amulet of magic regeneration Stlth
                     (no ring)
HPRegen 0.33/turn    (no ring)
MPRegen 0.52/turn

%: no passive effects
@: corroded, on berserk cooldown, slowed, very slow
A: claws 3, molten scales 1, powered by death 1
a: Renounce Religion, Berserk, Trog's Hand


You were on level 9 of the Dungeon.
You worshipped Trog.
Trog was pleased with you.
You visited 1 branch of the dungeon, and saw 9 of its levels.

You collected 587 gold pieces.

Inventory:

Hand Weapons
 a - a +1 hand axe of draining (weapon)
Armour
 d - a +0 plate armour (worn)
 u - a +0 helmet (worn)
 y - a +0 pair of boots (worn)
Jewellery
 e - an amulet of magic regeneration (around neck)
 t - a ring of protection from cold
Wands
 o - a wand of roots (10)
 x - a wand of flame (10)
 A - a wand of paralysis (7)
Scrolls
 c - 4 scrolls of fear
 m - 6 scrolls of teleportation
 n - 2 scrolls of enchant weapon
 p - a scroll of magic mapping
 r - a scroll of enchant armour
 w - a scroll of silence
Potions
 b - a potion of experience
 f - 5 potions of heal wounds
 g - a potion of curing
 h - a potion of mutation
 i - a potion of ambrosia
 j - a potion of flight {unknown}
 k - 2 potions of degeneration
 q - a potion of brilliance {unknown}
 s - 2 potions of berserk rage
 z - a potion of might


   Skills:
 + Level 7.3 Fighting
 - Level 2.6 Axes
 * Level 8.9 Armour
 * Level 9.0 Dodging


You had 9 spell levels left.
You didn't know any spells.
Your spell library was empty.

Dungeon Overview and Level Annotations

Branches:
Dungeon (9/15)             Temple (0/1) D:4
   Lair: D:8-11         Orc: D:9-12

Altars:
Fedhas
Kikubaaqudgha
Makhleb
Vehumet


Innate Abilities, Weirdness & Mutations

You have claws for hands.
You are partially covered in molten scales. (AC +2)
You regenerate a little health from kills.


Message History

You closely miss the kobold demonologist.
The rust devil completely misses you. The shadow imp hits you.
The kobold demonologist hits you but does no damage.
You hit the rust devil but do no damage.
The rust devil is moderately wounded.
You slash the shadow imp!
You closely miss the kobold demonologist.
The rust devil disappears in a puff of smoke!
The shadow imp closely misses you.
You hit the kobold demonologist but do no damage.
You drain the kobold demonologist.
The kobold demonologist is moderately wounded.
You hit the shadow imp.
You kill the shadow imp!
The shadow imp disappears in a puff of smoke!
The kobold demonologist gestures wildly while chanting.
You closely miss the kobold demonologist.
The kobold demonologist is moderately wounded.
The kobold demonologist hits you but does no damage.
You barely miss the kobold demonologist.
The kobold demonologist is moderately wounded.
You hit the sixfirhy but do no damage. The sixfirhy hits you.
The sixfirhy shocks you! The sixfirhy hits you. The sixfirhy shocks you!
The sixfirhy hits you. The sixfirhy shocks you!
* * * LOW HITPOINT WARNING * * *
The kobold demonologist hits you with a +0 dagger.
* * * LOW HITPOINT WARNING * * *
The sixfirhy hits you but does no damage.
You hit the kobold demonologist but do no damage.
The kobold demonologist is moderately wounded.
You closely miss the sixfirhy.
You are no longer berserk.
You are exhausted.
You feel yourself slow down. The sixfirhy completely misses you.
The sixfirhy hits you!
* * * LOW HITPOINT WARNING * * *
The sixfirhy shocks you!
* * * LOW HITPOINT WARNING * * *
The sixfirhy hits you!
You die...

..........##
........>....##
...?..........##
...............#
...............#####
......>............###
.........!...§.......#
..........(..3[......#
#......[[)..§K@......#
#.#....".)....[.(....#
....#..)(..........###
...................#
...................#
...................#
...................#
.................###
.................#


You could see a kobold demonologist (drained) and a sixfirhy (summoned).

Vanquished Creatures
  A two-headed ogre (D:8)
  A hornet (D:7)
  2 wyverns
  2 orc warriors
  2 sky beasts (D:7)
  2 ice beasts
  An ogre (D:5)
  5 centaurs
  3 bullfrogs (D:8)
  10 kobold brigands
  3 scorpions
  A necrophage (D:5)
  A gnoll sergeant (D:5)
  4 wights (D:9)
  6 killer bees (D:8)
  A howler monkey (D:8)
  6 jellies
  An orc priest (D:4)
  4 hounds
  Jessica (D:2)
  Natasha (twice) (D:2)
  5 iguanas
  2 sleepcaps (D:5)
  An orc wizard (D:8)
  A hound skeleton (D:5)
  8 gnolls (D:5)
  7 adders
  3 white imps
  3 worms (D:2)
  A dart slug (D:3)
  20 orcs
  4 endoplasms
  2 giant cockroaches (D:3)
  4 goblins
  4 hobgoblins
  6 quokkas
  5 ball pythons
  5 bats
  5 frilled lizards
  12 kobolds
  5 rats
162 creatures vanquished.

Vanquished Creatures (others)
  An orc wizard (D:6)
1 creature vanquished.

Grand Total: 163 creatures vanquished

Notes
Turn   | Place    | Note
-------+----------+-------------------------------------------
     0 | D:1      | lonewolfV2 the Demonspawn Berserker began the quest for the
                  | Orb.
     0 | D:1      | Reached XP level 1. HP: 18/18 MP: 1/1
   366 | D:1      | Reached skill level 2 in Dodging
   887 | D:2      | Gained mutation: You are partially covered in molten
                  | scales. (AC +2) [demonic ancestry]
   887 | D:2      | Reached XP level 2. HP: 24/24 MP: 2/2
   995 | D:2      | Noticed Jessica
  1021 | D:2      | HP: 1/24 [Jessica/nerve-wracking pain (13)]
  1023 | D:2      | Killed Jessica
  1024 | D:2      | Reached XP level 3. HP: 2/29 MP: 3/3
  1352 | D:2      | Gained mutation: You have sharp fingernails. [demonic
                  | ancestry]
  1352 | D:2      | Reached XP level 4. HP: 35/35 MP: 4/4
  1382 | D:2      | You fall into a shaft and drop 2 floors!
  1682 | D:2      | Reached skill level 3 in Dodging
  1832 | D:2      | Noticed Natasha
  1845 | D:2      | Killed Natasha
  2226 | D:2      | Noticed Natasha
  2238 | D:2      | Killed Natasha
  2239 | D:2      | Gained mutation: You regenerate a little health from kills.
                  | [demonic ancestry]
  2239 | D:2      | Reached XP level 5. HP: 33/42 MP: 5/5
  3310 | D:4      | Reached XP level 6. HP: 42/48 MP: 6/6
  3424 | D:4      | Found a staircase to the Ecumenical Temple.
  3440 | D:4      | Reached skill level 4 in Dodging
  3481 | D:4      | Reached ** piety under Trog
  4142 | D:5      | Entered Level 5 of the Dungeon
  4192 | D:5      | Gained mutation: You have very sharp fingernails. [demonic
                  | ancestry]
  4192 | D:5      | Reached XP level 7. HP: 55/55 MP: 7/7
  4539 | D:5      | Found a burning altar of Makhleb.
  4552 | D:5      | Reached skill level 5 in Armour
  4552 | D:5      | Reached skill level 5 in Dodging
  4764 | D:5      | Reached skill level 5 in Fighting
  4769 | D:5      | HP: 4/84 [gnoll/+0 halberd[a gnoll sergeant] (5)]
  4781 | D:5      | HP: 2/56 [gnoll/+0 flail[a gnoll sergeant] (5)]
  5340 | D:5      | Reached XP level 8. HP: 26/62 MP: 8/8
  6228 | D:6      | Found a radiant altar of Vehumet.
  6261 | D:6      | Reached skill level 6 in Dodging
  7068 | D:7      | Noticed a hornet
  7076 | D:7      | Paralysed by a hornet for 3 turns
  7085 | D:7      | Killed a hornet
  7166 | D:7      | Reached skill level 7 in Dodging
  7555 | D:7      | Gained mutation: You have claws for hands. [demonic
                  | ancestry]
  7555 | D:7      | Reached XP level 9. HP: 61/69 MP: 9/9
  8080 | D:8      | Noticed a two-headed ogre
  8091 | D:8      | Killed a two-headed ogre
  8092 | D:8      | Reached skill level 8 in Dodging
  8267 | D:8      | Found a blossoming altar of Fedhas.
  8267 | D:8      | Found an ancient bone altar of Kikubaaqudgha.
  9095 | D:9      | Reached XP level 10. HP: 66/76 MP: 10/10
  9966 | D:9      | Reached skill level 9 in Dodging
 10019 | D:9      | Noticed a rust devil
 10041 | D:9      | Noticed a sixfirhy
 10043 | D:9      | HP: 1/79 [sixfirhy[a kobold demonologist] (9)]
 10043 | D:9      | Mangled by a sixfirhy

Illustrated notes

Levels and vault maps discovered:
D:1:      dpeg_arrival_court, layout_loops_cross, serial_forest,
          infiniplex_forest_clump_cross, infiniplex_forest_lined_1,
          infiniplex_forest_straight_3, infiniplex_forest_clump_small,
          infiniplex_forest_zigzag_2, infiniplex_forest_lined_corner
D:2:      layout_basic, item_on_display_a, uniq_natasha, uniq_jessica
D:3:      layout_loops_cross, guppyfry_early_lair_pool
D:4:      layout_cave_pools, minmay_temple_entry_mist, minmay_starry_boxes
D:5:      layout_loops_ring, makhleb_blood_cavern_becter,
          mainiacjoe_overflow_24_doors, serial_glass, glass_columns_c,
          glass_columns_b, glass_columns_c, glass_columns_c,
          lemuel_flamethrower_2
D:6:      layout_loops_corners, vehumet_altar_wand_db, st_stairs_3,
          nicolae_zen_rock_garden
D:7:      layout_gridville
D:8:      layout_loops_ring, grunt_temple_overflow_growth_and_decay, hex_tiny
D:9:      layout_rooms, mainiacjoe_overflow_boulevard, special_room
          [special_room_kobold]

Skill      XL: |  1  2  3  4  5  6  7  8  9 10 |
---------------+-------------------------------+-----
Armour         | 2 3 4 5 7 8 |  8.9
Dodging        | 2 3 4 5 7 8 9 |  9.0
Fighting       | 4 5 6 7 |  7.3
Axes           | |  2.6

Action                     |  1- 3 |  4- 6 |  7- 9 | 10-12 || total
---------------------------+-------+-------+-------+-------++-------
  Melee: Hand axe          |    73 |   165 |   338 |   114 ||   690
         Punch             |       |     2 |     2 |     2 ||     6
 Invoke: Berserk           |       |     1 |     6 |     2 ||     9
         Trog's Hand       |       |     2 |     4 |     1 ||     7
    Use: Scroll            |     3 |     9 |     7 |       ||    19
         Potion            |     1 |       |     2 |     3 ||     6
 Armour: Animal skin       |     2 |       |       |       ||     2
         Plate armour      |    40 |   136 |   319 |    80 ||   575
  Dodge: Dodged            |    27 |    56 |   183 |    60 ||   326
